 Dungeon Crawl Stone Soup version 0.31-a0-219-g8d62b2e7bb (webtiles) character file.

Game seed: 1952847235846889308

558 Snakez the Sneak (level 7, -5/56 HPs)
             Began as a Naga Fire Elementalist on July 3, 2023.
             Was an Initiate of Vehumet.
             Slain by an ogre
             ... wielding a +0 giant club
              (32 damage)
             ... on level 5 of the Dungeon.
             The game lasted 00:07:48 (5154 turns).

Snakez the Sneak (Naga Fire Elementalist)           Turns: 5154, Time: 00:07:49

Health: -5/56      AC:  6    Str: 10    XL:     7   Next: 31%
Magic:  9/30       EV: 10    Int: 17    God:    Vehumet [......]
Gold:   317        SH:  0    Dex: 12    Spells: 6/13 levels left

rFire   . . .        (no weapon)
rCold   . . .        (no shield)
rNeg    . . .        a - +0 robe
rPois   +            (no helmet)
rElec   .            t - +1 cloak
rCorr   .            x - +0 pair of gloves
SInv    +            (no barding)
Will    .....        (no amulet)
Stlth   +++          e - ring of magical power
HPRegen 0.29/turn    h - ring of magical power
MPRegen 0.22/turn

%: no passive effects
@: very slightly contaminated, very slow
A: AC +2, large, see invisible, deformed body, poison resistance, slowness 2,
spit poison 1, naga tail 1
a: Spit Poison, Renounce Religion


You were on level 5 of the Dungeon.
You worshipped Vehumet.
Vehumet was noncommittal.
You visited 2 branches of the dungeon, and saw 6 of its levels.

You collected 317 gold pieces.

Inventory:

Armour
 a - a +0 robe (worn)
 t - a +1 cloak (worn)
 x - a +0 pair of gloves (worn)
Jewellery
 d - a ring of positive energy
 e - a ring of magical power (left hand)
 h - a ring of magical power (right hand)
Wands
 f - a wand of charming (3)
 v - a wand of flame (3)
Scrolls
 c - a scroll of teleportation {unknown}
 i - 2 scrolls of fog {unknown}
 j - a scroll of enchant weapon {unknown}
 k - a scroll of amnesia {unknown}
 n - a scroll of noise {unknown}
 o - 3 scrolls of immolation
 q - 2 scrolls of vulnerability {unknown}
 r - a scroll of brand weapon {unknown}
 u - a scroll of identify
 y - a scroll of torment {unknown}
Potions
 b - a potion of magic
 g - 3 potions of enlightenment
 l - a potion of attraction
 m - 3 potions of heal wounds
 p - a potion of resistance {unknown}
 s - a potion of degeneration {unknown}
 w - a potion of curing {unknown}
 z - 2 potions of lignification {unknown}


   Skills:
 - Level 0.5 Fighting
 + Level 3.0 Dodging
 + Level 5.5 Stealth
 - Level 0.1 Unarmed Combat
 + Level 3.5 Spellcasting
 + Level 3.1 Conjurations
 + Level 5.0 Fire Magic


You had 6 spell levels left.
You knew the following spells:

 Your Spells              Type           Power      Damage    Failure   Level
a - Foxfire               Conj/Fire      64%        2x1d7     3%          1
b - Scorch                Fire           40%        2d6       3%          2
c - Flame Wave            Conj/Fire      16%        2d7       30%         4

Your spell library contained the following spells:

 Spells                   Type           Power      Damage    Failure   Level
 Shock                    Conj/Air       32%        1d5       9%          1
 Beastly Appendage        Tmut           6%         N/A       17%         1
 Necrotise                Necr           12%        1d4       17%         1
 Inner Flame              Hex/Fire       11%        N/A       19%         3
 Volatile Blastmotes      Fire/Tloc      22%        2d11      19%         3
 Cigotuvi's Dreadful Rot  Necr/Pois/Air  6%         N/A       26%         2
 Lesser Beckoning         Tloc           6%         N/A       26%         2
 Wereblood                Tmut           3%         N/A       26%         2
 Ignite Poison            Fire/Tmut/Pois 8%         N/A       26%         3
 Gell's Gravitas          Tloc           3%         N/A       45%         3
 Ozocubu's Armour         Ice            3%         N/A       45%         3
 Spider Form              Tmut/Pois      3%         N/A       45%         3
 Swiftness                Air            3%         N/A       45%         3
 Teleport Other           Tloc           3%         N/A       45%         3
 Vampiric Draining        Necr           3%         2d6       45%         3
 Airstrike                Air            1%         2d(1-17)  86%         4
 Freezing Cloud           Conj/Ice/Air   3%         6-21      96%         5
 Agony                    Necr           3%         N/A       99%         5
 Ozocubu's Refrigeration  Ice            1%         4d7       100%        7


Dungeon Overview and Level Annotations

Branches:
Dungeon (5/15)             Temple (1/1) D:4

Altars:
Ashenzari
Fedhas
Hepliaklqana
Kikubaaqudgha
Makhleb
Okawaru
Ru
Trog
Vehumet
Yredelemnul
The Shining One

Shops:
D:3 (   D:5 [!

Annotations:
D:3 2 transporters, Notanamesir's ghost, amateur HOMo


Innate Abilities, Weirdness & Mutations

Your serpentine skin is tough. (AC +2)
You have supernaturally acute eyesight. (SInv)
Armour fits poorly on your strangely shaped body.
Your system is resistant to poisons. (rPois)
You cover ground very slowly.
You can spit poison.
You have a snake-like lower body.


Message History

Casting: Flame Wave (quite dangerous; 32% risk of failure)
Press: ? - help, Dir - look around, f - activate A wave of flame ripples out!
The flame wave engulfs the hound!
The hound is severely wounded. (Press . to intensify the flame waves.)
The hound closely misses you.
A wave of flame ripples out!
The flame wave engulfs the orc wizard.
The orc wizard is moderately wounded.
The flame wave engulfs the hound.
The hound is almost dead.
The flame wave engulfs the orc!
You kill the orc!
Vehumet accepts your kill.
The flame wave engulfs the orc but does no damage.
The orc is heavily wounded.
The flame wave engulfs the gnoll bouda!
The gnoll bouda is burned terribly!
You kill the gnoll bouda!
Vehumet accepts your kill. The hound completely misses you.
The orc wizard barely misses you. The hound bites you.
A wave of flame ripples out!
The flame wave engulfs the orc wizard!
The orc wizard is almost dead.
The flame wave engulfs the hound!
You kill the hound!
Vehumet accepts your kill.
The flame wave engulfs the ogre!
The ogre is heavily wounded.
The flame wave engulfs the orc.
The orc is severely wounded.
You finish channelling waves of flame.
The orc wizard casts a spell at you. The puff of flame hits you!
Your Dodging skill increases to level 3!
Your Fire Magic skill increases to level 5!
The orc wizard attacks as you move away!
The orc wizard hits you with a +0 dagger.
The ogre attacks as you move away!
The ogre hits you with a +0 giant club!!
Ouch! That really hurt!
You die...

........☼°#...#
######## ##.#.####
###.....
##......#####
...#'#...##......#
#.'∩'....#.......
#'##......#
#....##.#.#
###..##...#
###########.####@#
............#


#oOo# ###########.# ##))... #.# #...... #### #.# #.#... #...# ..# .. .. #.~...
..# .. . #~~~~.. #.# ... .P♣ . .∩. You could see an ogre, an orc wizard
(invisible) and an orc.

Vanquished Creatures
  A scorpion (D:5)
  A howler monkey (D:5)
  2 hounds (D:5)
  2 jellies
  2 orc priests (D:5)
  A gnoll bouda (D:5)
  An iguana (D:4)
  A sleepcap (D:5)
  An orc wizard (D:4)
  3 gnolls (D:4)
  4 adders
  An ufetubus (D:4)
  3 worms
  4 dart slugs
  8 orcs
  6 ball pythons
  10 bats
  4 endoplasms
  2 giant cockroaches
  6 goblins
  8 hobgoblins
  5 jackals
  5 quokkas
  4 frilled lizards
  3 kobolds
  A rat (D:1)
89 creatures vanquished.

Vanquished Creatures (others)
  208 foxfires
208 creatures vanquished.

Grand Total: 297 creatures vanquished

Notes
Turn   | Place    | Note
-------+----------+-------------------------------------------
     0 | D:1      | Snakez the Naga Fire Elementalist began the quest for the
                  | Orb.
     0 | D:1      | Reached XP level 1. HP: 15/15 MP: 3/3
   176 | D:1      | Reached XP level 2. HP: 2/22 MP: 0/5
   594 | D:1      | Reached XP level 3. HP: 22/28 MP: 6/6
  1228 | D:1      | Found a faded altar of an unknown god.
  1738 | D:2      | Learned a level 2 spell: Scorch
  2067 | D:2      | Reached XP level 4. HP: 36/36 MP: 7/7
  2247 | D:2      | Found an iron altar of Okawaru.
  2803 | D:3      | Found a transporter.
  2805 | D:3      | Noticed Notanamesir's ghost (amateur HOMo)
  2806 | D:3      | Found a transporter.
  2808 | D:3      | Identified the +6 dire flail of Racsi {flame, rElec}
  2808 | D:3      | Noticed an ogre
  2812 | D:3      | Noticed an ogre
  2919 | D:3      | Learned a level 4 spell: Flame Wave
  3373 | D:3      | Found Cowuif's Weapon Shoppe.
  3478 | D:4      | Reached XP level 5. HP: 41/43 MP: 9/9
  3756 | D:4      | Found a staircase to the Ecumenical Temple.
  3919 | Temple   | Entered the Ecumenical Temple
  3930 | Temple   | Became a worshipper of Vehumet
  4196 | D:4      | Found a sacrificial altar of Ru.
  4199 | D:4      | Found a bloodstained altar of Trog.
  4200 | D:4      | Found a broken altar of Ashenzari.
  4222 | D:4      | Reached XP level 6. HP: 42/50 MP: 10/10
  4610 | D:5      | Entered Level 5 of the Dungeon
  4889 | D:5      | Reached skill level 5 in Stealth
  4933 | D:5      | Reached XP level 7. HP: 49/56 MP: 11/12
  5131 | D:5      | Found Edoemel's Distillery.
  5132 | D:5      | Found Kucwuesh's Antique Armour Shop.
  5154 | D:5      | Reached skill level 5 in Fire Magic
  5154 | D:5      | Slain by an ogre

Illustrated notes

Levels and vault maps discovered:
D:1:      dpeg_arrival_lava_altar, layout_loops_ring,
          hellmonk_ecumenical_altar_leap_of_faith
D:2:      layout_basic, basic_altar
D:3:      layout_loops_ring, serial_shops, shop, gammafunk_ghost_smash
D:4:      wander_river, layout_loops_ring, minitemple, temple_statues
D:5:      lemuel_ice_spiral_2, layout_rooms, serial_shops, nicolae_shop_crystal,
          nicolae_shop_window_shopping, nicolae_shop_overgrown_old_shop,
          nicolae_shop_behind_doors, nicolae_shop_just_a_little_nook,
          serial_bayou_pond_d, kennysheep_small_square
Temple:   hellmonk_temple_of_storms

Skill      XL: |  1  2  3  4  5  6  7 |
---------------+----------------------+-----
Dodging        | 2 3 |  3.0
Fire Magic     | 4 5 |  5.0
Stealth        | 4 5 |  5.5
Conjurations   | 2 3 |  3.1
Spellcasting   | 3 |  3.5
Fighting       | |  0.5
Unarmed Combat | |  0.1

Action                     |  1- 3 |  4- 6 |  7- 9 || total
---------------------------+-------+-------+-------++-------
  Melee: Unarmed           |    26 |    13 |       ||    39
   Cast: Foxfire           |    73 |    44 |       ||   117
         Scorch            |       |    62 |    11 ||    73
         Flame Wave        |       |     1 |     1 ||     2
Ability: Spit Poison       |     6 |     2 |       ||     8
    Use: Scroll            |       |     3 |       ||     3
         Potion            |       |     1 |       ||     1
   Stab: Sleeping          |       |     1 |       ||     1
 Armour: Robe              |    20 |    15 |     2 ||    37
  Dodge: Dodged            |    54 |    34 |     7 ||    95

Table legend: (Time is in decaauts)
 A = Elapsed time spent in this place.
 B = Non-inter-level travel time spent in this place.
 C = Inter-level travel time spent in this place.
 D = Time resting spent in this place.
 E = Time spent auto-exploring this place.
 F = Levels seen in this place.
 G = Mean time per level.
                   A        B        C        D        E       F      G
               +--------+--------+--------+--------+--------+-----+--------+
         Total |   6310 |   6112 |    198 |    276 |   5053 |   6 | 1051.7 |
       Dungeon |   6287 |   6089 |    198 |    276 |   5051 |   5 | 1257.4 |
        Temple |     22 |     22 |      0 |      0 |      1 |   1 |   22.0 |
               +--------+--------+--------+--------+--------+-----+--------+

Top non-repeatable levels by time:
     D:1: 1599 daAuts
     D:2: 1547 daAuts
     D:4: 1449 daAuts
     D:3: 1079 daAuts
     D:5: 613 daAuts
  Temple: 22 daAuts
